 Dungeon Crawl Stone Soup version 0.28.0-53-g5a82cb258f (webtiles) character file.

Game seed: 219348781657966352

21142 DildoBatman the Geomancer (level 13, -25/91 HPs)
             Began as a Formicid Conjurer on June 18, 2022.
             Was a High Priest of Kikubaaqudgha.
             Shot with a bolt by an orc warlord (36 damage)
             ... on level 2 of the Orcish Mines.
             The game lasted 00:50:03 (12417 turns).

DildoBatman the Geomancer (Formicid Conjurer)      Turns: 12417, Time: 00:50:04

Health: -25/91     AC: 10    Str: 17    XL:     13   Next: 17%
Magic:  21/21      EV: 11    Int: 20    God:    Kikubaaqudgha [*****.]
Gold:   1985       SH:  4    Dex: 13    Spells: 2/26 levels left

rFire   . . .      SeeInvis +   a - +2 scimitar (protect)
rCold   . . .      Faith    .   i - +0 buckler
rNeg    . . .      Spirit   .   o - +2 troll leather armour
rPois   .          Reflect  .   (helmet unavailable)
rElec   .          Harm     .   y - +0 cloak
rCorr   +          Rampage  .   N - +0 pair of gloves
Will    +....                   q - +0 pair of boots
Stlth   ++........              m - amulet of magic regeneration
HPRegen 1.05/turn               v - +6 ring of strength
MPRegen 0.57/turn               K - ring of resist corrosion

@: no status effects
A: permanent stasis, dig shafts and tunnels, antennae 3, four strong arms, claws
1, low MP 1, mutation resistance 1
a: Dig, Shaft Self, Renounce Religion, Receive Corpses, Torment


You were on level 2 of the Orcish Mines.
You worshipped Kikubaaqudgha.
Kikubaaqudgha was extremely pleased with you.
You visited 3 branches of the dungeon, and saw 14 of its levels.
You also visited: Bailey.

You collected 2272 gold pieces.
You spent 287 gold pieces at shops.

Inventory:

Hand Weapons
 a - a +2 scimitar of protection (weapon)
 c - a +0 hunting sling
 d - a +1 scimitar of flaming
Missiles
 f - 56 sling bullets
 g - 163 bolts
 s - 6 javelins
 w - 174 arrows
 A - a throwing net
 O - 19 poisoned darts
Armour
 i - a +0 buckler (worn)
 o - a +2 troll leather armour (worn)
 q - a +0 pair of boots (worn)
 r - a +2 robe of the Archmagi
 t - a +2 robe of resistance
 y - a +0 cloak (worn)
 N - a +0 pair of gloves (worn)
Magical Staves
 b - a staff of air
 j - a staff of earth
Jewellery
 m - an amulet of magic regeneration (around neck)
 v - a +6 ring of strength (left hand)
 K - a ring of resist corrosion (right hand)
Wands
 D - a wand of iceblast (10)
 H - a wand of paralysis (4)
Scrolls
 k - 5 scrolls of fog {unknown}
 l - 2 scrolls of brand weapon {unknown}
 n - 3 scrolls of fear {unknown}
 p - 4 scrolls of amnesia {unknown}
 u - 4 scrolls of teleportation {unknown}
 z - a scroll of identify
 B - a scroll of summoning {unknown}
 F - a scroll of holy word {unknown}
 I - 3 scrolls of magic mapping {unknown}
 U - a scroll of silence {unknown}
 W - a scroll of noise {unknown}
 X - a scroll of enchant weapon {unknown}
Potions
 e - a potion of resistance
 h - 3 potions of brilliance
 C - 5 potions of flight
 G - a potion of magic
 L - a potion of might
 P - 3 potions of heal wounds
 Q - 5 potions of curing
 S - a potion of cancellation
 V - a potion of lignification {unknown}
 Z - a potion of berserk rage {unknown}


   Skills:
 - Level 5.0 Fighting
 - Level 6.0 Armour
 - Level 1.7 Dodging
 - Level 2.4 Stealth
 - Level 3.0 Shields
 - Level 7.0 Spellcasting
 - Level 6.0 Conjurations
 * Level 10.6 Necromancy
 - Level 8.0 Ice Magic
 * Level 4.3 Air Magic
 * Level 11.2 Earth Magic
 - Level 6.0 Poison Magic


You had 2 spell levels left.
You knew the following spells:

 Your Spells              Type           Power      Damage    Failure   Level
a - Borgnjor's Vile Clut  Necr/Erth      25%        N/A       4%          5
b - Frozen Ramparts       Ice            78%        1d9       1%          3
c - Searing Ray           Conj           62%        2d6       1%          2
d - Vampiric Draining     Necr           49%        2d9       1%          3
e - Mephitic Cloud        Conj/Pois/Air  28%        N/A       4%          3
f - Magic Dart            Conj           100%       1d8       1%          1
g - Ozocubu's Armour      Ice            39%        N/A       1%          3
h - Dispel Undead         Necr           49%        3d18      1%          4

Your spell library contained the following spells:

 Spells                   Type           Power      Damage    Failure   Level
 Animate Skeleton         Necr           98%        N/A       1%          1
 Freeze                   Ice            100%       1d11      1%          1
 Pain                     Necr           100%       1d9       1%          1
 Corpse Rot               Necr/Air       74%        N/A       1%          2
 Call Imp                 Summ           7%         N/A       21%         2
 Animate Dead             Necr           24%        N/A       1%          4
 Hailstorm                Conj/Ice       35%        3d9       8%          4
 Dazzling Flash           Conj/Hex       38%        N/A       12%         3
 Petrify                  Tmut/Erth      29%        N/A       14%         4
 Anguish                  Hex/Necr       14%        N/A       16%         4
 Ice Form                 Ice/Tmut       23%        N/A       26%         4
 Death Channel            Necr           24%        N/A       26%         6
 Fulminant Prism          Conj/Hex       9%         3d7       36%         4
 Iskenderun's Mystic Bla  Conj/Tloc      19%        2d6       36%         4
 Simulacrum               Ice/Necr       22%        N/A       41%         6
 Metabolic Englaciation   Hex/Ice        11%        N/A       58%         5
 Statue Form              Tmut/Erth      19%        N/A       91%         6


Dungeon Overview and Level Annotations

Branches:
Dungeon (11/15)            Temple (1/1) D:5            Lair (0/6) D:9
    Orc (2/2) D:11            Elf (0/3) Orc:2        Bailey (visited)

Altars:
Ashenzari
Cheibriados
Dithmenos
Elyvilon
Fedhas
Gozag
Hepliaklqana
Kikubaaqudgha
Makhleb
Nemelex Xobeh
Okawaru
Qazlal
Ru
Sif Muna
Trog
Uskayaw
Vehumet
Wu Jian
Xom
Yredelemnul
Zin
The Shining One
Beogh

Shops:
D:2 (   D:7 ?

Annotations:
D:11 Urug


Innate Abilities, Weirdness & Mutations

You cannot be hasted, slowed, berserked, paralysed or teleported.
You can dig through walls and to a lower floor.
You have a pair of large antennae on your head. (SInv)
Your four strong arms can wield two-handed weapons with a shield.
You have sharp fingernails.
Your magical capacity is low. (-10% MP)
You are somewhat resistant to further mutation.


Message History

The orc warlord escapes!
Casting: Borgnjor's Vile Clutch (dangerous; 4% risk of failure)
Confirm with . or Enter, or press ? or * to list all spells.
Aiming: Borgnjor's Vile Clutch (dangerous; 4% risk of failure)
Press: ? - help, Shift-Dir - straight line, f/p - orc warlord
Aim: an orc warlord, wielding a +0 arbalest, wearing a +0 chain mail of fire resistance and quivering bolts (heavily wounded, 100% to hit)
Zombie hands grab the orc warrior.
Zombie hands grab the orc warlord.
The zombie hands constrict the orc warlord!
The zombie hands constrict the orc warrior, but do no damage.
The orc warrior struggles to escape constriction.
The orc warlord struggles to escape constriction.
The zombie hands constrict the orc warlord!
The zombie hands constrict the orc warrior.
The orc warrior struggles to escape constriction.
The orc warlord struggles to escape constriction.
The zombie hands constrict the orc warlord!
The zombie hands constrict the orc warrior!
The orc warrior struggles to escape constriction.
The orc warlord struggles to escape constriction.
The zombie hands constrict the orc warlord!
The zombie hands constrict the orc warrior!
You kill the orc warrior!
Kikubaaqudgha accepts your kill.
The orc warlord shoots a bolt.
The bolt hits you!
The zombie hands constrict the orc warlord!
The orc warlord shoots a bolt.
The bolt hits you!!
The zombie hands constrict the orc warlord!
The zombie hands release their grip on the orc warlord.
The orc warlord shoots a bolt.
The bolt hits you!!
The orc warlord shoots a bolt.
The bolt hits you!
There is a stone staircase leading up here.
The orc warlord shoots a bolt.
The bolt hits you!!!
You die...
Kikubaaqudgha rasps: "You have failed me!
Welcome... death!"

.................#...............
..#.........#....................
####.............................
.##..............................
##...............................
#................................
..........................)......
.................................
................@.......#........
.................#.......#.......
...........#................#..#.
................................#
.........#.#.........#.##.......#
.........###............#......##
.#.#......#....).)).)))))#.....#
.##....#.#.o.......)...........#
.#.......................##....#


You could see an orc warlord.

Vanquished Creatures
  An ettin (Orc:1)
  3 boulder beetles (D:11)
  Erica (D:11)
  3 two-headed ogres
  An orc high priest (Orc:1)
  Nergalle (D:11)
  3 orc knights (Bailey)
  A harpy (D:10)
  2 orc sorcerers (Orc:1)
  A gargoyle (D:10)
  An unseen horror (D:10)
  4 trolls
  A troll (shapeshifter) (D:10)
  3 hornets
  Sigmund (D:2)
  3 wraiths
  2 basilisks (D:9)
  5 yaks (D:10)
  4 wyverns
  Grum (D:11)
  2 wargs
  An acid dragon (D:8)
  4 water moccasins (D:9)
  25 orc warriors
  4 black bears
  A hornet zombie (D:6)
  An ice beast (D:7)
  5 ogres
  A necrophage (D:6)
  4 wolves (D:11)
  2 centaurs (D:9)
  A kobold brigand (D:8)
  A bullfrog (D:6)
  Blork the orc (D:6)
  2 wyvern zombies
  A scorpion (D:4)
  A water moccasin skeleton (D:6)
  4 howler monkeys
  10 wights
  The ghost of shaman420 the Bolt Thrower, a weakling OpHu (D:4)
  5 centaur zombies
  13 orc priests
  4 hounds
  2 jellies
  Crazy Yiuf (D:9)
  3 gnoll shamans
  2 centaur skeletons (D:7)
  3 iguanas
  24 orc wizards
  A hound zombie (D:5)
  3 howler monkey zombies
  31 gnolls
  A howler monkey skeleton (D:5)
  4 adders
  A white imp (D:7)
  2 worms (D:2)
  A dart slug (D:5)
  94 orcs
  3 ball pythons
  9 endoplasms
  4 giant cockroaches
  12 goblins
  5 hobgoblins
  19 jackals
  24 kobolds
  5 quokkas
  5 bats
  4 frilled lizards
  5 rats
404 creatures vanquished.

Vanquished Creatures (others)
  2 bushes (D:9)
  A fungus (D:9)
  21 plants
24 creatures vanquished.

Grand Total: 428 creatures vanquished

Notes
Turn   | Place    | Note
-------+----------+-------------------------------------------
     0 | D:1      | DildoBatman the Formicid Conjurer began the quest for the
                  | Orb.
     0 | D:1      | Reached XP level 1. HP: 13/13 MP: 3/3
   211 | D:1      | Reached XP level 2. HP: 19/19 MP: 0/5
   214 | D:1      | Learned a level 2 spell: Searing Ray
   619 | D:1      | Reached skill level 1 in Shields
   619 | D:1      | Reached XP level 3. HP: 24/24 MP: 0/6
  1067 | D:2      | Reached XP level 4. HP: 30/30 MP: 3/7
  1325 | D:2      | Found Anitoarr's Antique Weapon Emporium.
  1401 | D:2      | Noticed Sigmund
  2216 | D:3      | Reached XP level 5. HP: 35/35 MP: 8/8
  2283 | D:3      | Reached skill level 5 in Conjurations
  2535 | D:4      | Found an opulent altar of Gozag.
  2619 | D:4      | Reached XP level 6. HP: 26/41 MP: 1/9
  2639 | D:4      | Found a glowing golden altar of the Shining One.
  2753 | D:4      | Reached skill level 1 in Fighting
  2753 | D:4      | Reached skill level 1 in Armour
  2788 | D:4      | Noticed shaman420's ghost (weakling OpHu)
  2797 | D:4      | Found a transporter.
  2800 | D:4      | Found a transporter.
  2931 | D:4      | Reached XP level 7. HP: 44/49 MP: 4/11
  2933 | D:4      | Found an ornate altar of the Wu Jian Council.
  3205 | D:4      | Found a snail-covered altar of Cheibriados.
  3262 | D:5      | Entered Level 5 of the Dungeon
  3262 | D:5      | Found a staircase to the Ecumenical Temple.
  3272 | Temple   | Entered the Ecumenical Temple
  3341 | Temple   | Became a worshipper of Kikubaaqudgha
  3614 | D:2      | Killed Sigmund
  3615 | D:2      | Reached skill level 5 in Spellcasting
  3733 | D:4      | Reached XP level 8. HP: 56/56 MP: 7/15
  3759 | D:4      | Learned a level 3 spell: Frozen Ramparts
  3804 | D:4      | Reached skill level 1 in Ice Magic
  3911 | D:4      | Reached * piety under Kikubaaqudgha
  3911 | D:4      | Received a gift from Kikubaaqudgha
  3916 | D:4      | Learned a level 3 spell: Vampiric Draining
  4401 | D:4      | Killed shaman420's ghost
  4401 | D:4      | Reached ** piety under Kikubaaqudgha
  4534 | D:5      | Found a hide-covered altar of Uskayaw.
  4613 | D:5      | Noticed a two-headed ogre
  5592 | D:5      | Found a hazy altar of Hepliaklqana.
  5633 | D:6      | Reached XP level 9. HP: 49/61 MP: 12/19
  5688 | D:6      | Reached skill level 5 in Ice Magic
  5932 | D:6      | Noticed Blork the orc
  5938 | D:6      | Killed Blork the orc
  5966 | D:6      | Found a burning altar of Makhleb.
  6386 | D:7      | Found a runed translucent door.
  6387 | D:7      | Noticed Crazy Yiuf
  6422 | D:7      | Noticed a hornet
  6433 | D:7      | Killed a hornet
  6434 | D:7      | Reached skill level 1 in Necromancy
  6936 | D:7      | Reached XP level 10. HP: 67/67 MP: 20/20
  7109 | D:7      | Found Cefask's Magic Scroll Shoppe.
  7112 | D:7      | Bought a scroll of immolation for 49 gold pieces
  7112 | D:7      | Bought a scroll of enchant armour for 105 gold pieces
  7288 | D:8      | Reached *** piety under Kikubaaqudgha
  7288 | D:8      | Received a gift from Kikubaaqudgha
  7294 | D:8      | Learned a level 4 spell: Dispel Undead
  7300 | D:8      | Learned a level 5 spell: Borgnjor's Vile Clutch
  7324 | D:8      | Reached skill level 5 in Necromancy
  7342 | D:8      | Reached skill level 1 in Earth Magic
  7361 | D:8      | Reached skill level 2 in Earth Magic
  7409 | D:8      | Reached skill level 3 in Earth Magic
  7729 | D:8      | Learned a level 3 spell: Ozocubu's Armour
  7856 | D:9      | Reached skill level 4 in Earth Magic
  8154 | D:9      | Reached skill level 5 in Earth Magic
  8179 | D:9      | Killed Crazy Yiuf
  8180 | D:9      | Reached skill level 6 in Earth Magic
  8210 | D:9      | Reached **** piety under Kikubaaqudgha
  8211 | D:9      | Reached XP level 11. HP: 68/72 MP: 3/21
  8252 | D:9      | Found a staircase to the Lair.
  8265 | D:9      | Reached skill level 7 in Earth Magic
  9096 | D:4      | Killed a two-headed ogre
  9097 | D:4      | Reached skill level 8 in Earth Magic
  9205 | D:10     | Entered Level 10 of the Dungeon
  9298 | D:10     | Found a flagged portal.
  9362 | D:10     | Noticed a two-headed ogre
  9369 | D:10     | Killed a two-headed ogre
  9370 | D:10     | Reached skill level 9 in Earth Magic
  9464 | Bailey   | Entered a bailey
  9489 | Bailey   | Noticed an orc knight
  9519 | Bailey   | Killed an orc knight
  9714 | Bailey   | Noticed an orc knight
  9721 | Bailey   | Killed an orc knight
  9750 | Bailey   | Noticed an orc knight
  9757 | Bailey   | Killed an orc knight
  9758 | Bailey   | Reached skill level 5 in Fighting
  9758 | Bailey   | Reached skill level 5 in Armour
 10085 | D:10     | Reached XP level 12. HP: 79/86 MP: 18/22
 10111 | D:10     | Reached ***** piety under Kikubaaqudgha
 10116 | D:10     | Learned a level 3 spell: Mephitic Cloud
 10309 | D:11     | Noticed Grum
 10317 | D:11     | Reached skill level 1 in Poison Magic
 10319 | D:11     | Killed Grum
 10343 | D:11     | Noticed Nergalle
 10351 | D:11     | Killed Nergalle
 10352 | D:11     | Reached skill level 1 in Air Magic
 10376 | D:11     | Noticed Erica
 10388 | D:11     | Killed Erica
 10403 | D:11     | Noticed Urug
 10527 | D:7      | Bought a scroll of enchant armour for 105 gold pieces
 10527 | D:7      | Bought a scroll of identify for 28 gold pieces
 10817 | D:11     | Noticed a boulder beetle
 10821 | D:11     | Noticed a two-headed ogre
 10827 | D:11     | Killed a boulder beetle
 10830 | D:11     | Killed a two-headed ogre
 10831 | D:11     | Reached skill level 10 in Earth Magic
 10868 | D:11     | Noticed a boulder beetle
 10886 | D:11     | Killed a boulder beetle
 10996 | D:11     | Noticed a boulder beetle
 11009 | D:11     | Killed a boulder beetle
 11077 | D:11     | Found a staircase to the Orcish Mines.
 11136 | D:11     | Reached skill level 10 in Necromancy
 11136 | D:11     | Reached skill level 5 in Poison Magic
 11652 | Orc:1    | Entered Level 1 of the Orcish Mines
 11715 | Orc:1    | Noticed an ettin
 11736 | Orc:1    | Killed an ettin
 11882 | Orc:1    | Reached XP level 13. HP: 73/91 MP: 16/23
 12119 | Orc:1    | Reached skill level 11 in Earth Magic
 12153 | Orc:2    | Entered Level 2 of the Orcish Mines
 12239 | Orc:2    | Found a staircase to the Elven Halls.
 12254 | Orc:2    | Gained mutation: Your magical capacity is low. (-10% MP)
                  | [potion of mutation]
 12254 | Orc:2    | Gained mutation: You have sharp fingernails. [potion of
                  | mutation]
 12254 | Orc:2    | Gained mutation: You are somewhat resistant to further
                  | mutation. [potion of mutation]
 12340 | Orc:2    | Noticed an orc warlord
 12410 | Orc:2    | HP: 4/91 [orc warlord/bolt (14)]
 12417 | Orc:2    | Shot with a bolt by an orc warlord

Illustrated notes

Levels and vault maps discovered:
D:1:      dpeg_arrival_lava_temple_mockup, layout_basic, minmay_vboxes
D:2:      layout_loops_ring, serial_shops, nicolae_diamond_shop,
          chequers_hall_statues_wall_a, uniq_sigmund
D:3:      layout_loops_ring, grunt_ministairs_15, kennysheep_potato
D:4:      lemuel_castle_with_subvaults [lemuel_castle_interior_carwin_3],
          layout_loops_ring, marbit_many_paths,
          mainiacjoe_overflow_surrounded_room, mainiacjoe_overflow_swirl,
          gammafunk_ghost_arena
D:5:      layout_basic, mainiacjoe_overflow_big_doors,
          minmay_temple_entry_large_hall
D:6:      layout_loops_cross, mainiacjoe_overflow_alcove_1, serial_rivers,
          chequers_serial_rivers_large_b, chequers_serial_rivers_small_b,
          chequers_serial_rivers_micro_c, chequers_serial_rivers_small_a,
          uniq_blork_the_orc
D:7:      layout_loops_ring, serial_shops, kennysheep_mini,
          uniq_crazy_yiuf_cottage
D:8:      layout_rooms
D:9:      layout_basic, minmay_lair_entry_grove, minmay_misc_feat_room
D:10:     layout_roguey, enter_bailey_2, minmay_three_doors
D:11:     layout_long_grid, david_orc_4, kennysheep_generic_room_3, uniq_erica,
          uniq_urug, uniq_grum, uniq_nergalle
Temple:   regret_index_temple_waves
Orc:1:    layout_caves, kennysheep_orc_chapel
Orc:2:    st_orc_pillars, layout_caves, basic_altar, nicolae_orc_tapped_out

Skill      XL: |  1  2  3  4  5  6  7  8  9 10 11 12 13 |
---------------+----------------------------------------+-----
Conjurations   | 4 5 6 |  6.0
Shields        | 1 2 3 |  3.0
Fighting       | 1 2 5 |  5.0
Armour         | 1 2 5 6 |  6.0
Spellcasting   | 5 7 |  7.0
Ice Magic      | 4 8 |  8.0
Necromancy     | 3 7 9 10 | 10.6
Earth Magic    | 6 9 10 11 | 11.2
Poison Magic   | 6 |  6.0
Air Magic      | 3 4 |  4.3
Dodging        | |  1.7
Stealth        | |  2.4

Action                   |  1- 3 |  4- 6 |  7- 9 | 10-12 | 13-15 || total
-------------------------+-------+-------+-------+-------+-------++-------
Melee: Unarmed           |     8 |       |       |       |       ||     8
       Dagger            |     7 |       |       |       |       ||     7
       Long sword        |       |    42 |    36 |       |       ||    78
       Spear             |       |       |   229 |    23 |       ||   252
       Flail             |       |       |       |   307 |    25 ||   332
       Scimitar          |       |       |       |       |     8 ||     8
 Fire: Hunting sling     |    14 |    75 |       |     1 |       ||    90
 Cast: Magic Dart        |    26 |    21 |    12 |     1 |       ||    60
       Searing Ray       |     5 |    14 |    43 |    10 |       ||    72
       Frozen Ramparts   |       |       |    13 |    41 |       ||    54
       Dispel Undead     |       |       |       |     7 |       ||     7
       Vampiric Draining |       |       |       |     5 |     1 ||     6
       Borgnjor's Vile C |       |       |       |    40 |    19 ||    59
       Mephitic Cloud    |       |       |       |     2 |       ||     2
 Abil: Dig               |       |       |     1 |     3 |       ||     4
  Use: Scroll            |       |       |     2 |     8 |     2 ||    12
       Potion            |       |       |       |       |     1 ||     1
 Stab: Sleeping          |       |       |     3 |       |       ||     3
       Confused          |       |       |       |     3 |       ||     3
Armor: Robe              |     4 |    17 |    28 |       |       ||    49
       Ring mail         |       |       |    52 |   104 |       ||   156
       Troll leather arm |       |       |       |   120 |    27 ||   147
Dodge: Dodged            |    24 |    38 |   155 |   211 |    50 ||   478
Block: Buckler           |       |     7 |    74 |   115 |    12 ||   208
